 Dungeon Crawl Stone Soup version 0.29.1-1-gd02db6906a (webtiles) character file.

Game seed: 4313735283091588624

3360 Doomgape the Arsonist (level 10, 0/50 HPs)
             Began as a Gargoyle Fire Elementalist on Sept 18, 2022.
             Was an Initiate of Vehumet.
             Slain by a steam dragon (6 damage)
             ... on level 8 of the Dungeon.
             The game lasted 00:35:55 (8866 turns).

Doomgape the Arsonist (Gargoyle Fire Elementalist)  Turns: 8866, Time: 00:35:56

Health: 0/50       AC: 12    Str: 12    XL:     10   Next: 3%
Magic:  13/13      EV: 16    Int: 24    God:    Vehumet [......]
Gold:   421        SH:  0    Dex: 10    Spells: 2/13 levels left

rFire   . . .      SeeInvis .   t - +8 falchion of Inconvenience {vorpal, rN+ Int+4}
rCold   . . .      Faith    .   (no shield)
rNeg    + + .      Spirit   .   a - +0 robe
rPois   ∞          Reflect  .   c - +2 helmet
rElec   +          Harm     .   (no cloak)
rCorr   .          Rampage  .   (no gloves)
Will    .....                   (no boots)
Stlth   ++........              (no amulet)
HPRegen 0.16/turn               l - ring of wizardry
MPRegen 0.13/turn               u - +4 ring of evasion

@: no status effects
A: sickness immunity, AC +7, negative energy resistance 1, electricity
resistance, torment resistance 1, petrification resistance
a: Renounce Religion


You were on level 8 of the Dungeon.
You worshipped Vehumet.
Vehumet was noncommittal.
You visited 2 branches of the dungeon, and saw 9 of its levels.

You collected 421 gold pieces.

Inventory:

Hand Weapons
 t - the +8 falchion of Inconvenience (weapon) {vorpal, rN+ Int+4}
   (You found it on level 3 of the Dungeon)

   It inflicts extra damage upon your enemies.
   Int:       It affects your intelligence (+4).
   rN:        It protects you from negative energy.
Missiles
 e - a throwing net
Armour
 a - a +0 robe (worn)
 c - a +2 helmet (worn)
Jewellery
 l - a ring of wizardry (left hand)
 p - a ring of positive energy
 s - a ring of flight
 u - a +4 ring of evasion (right hand)
Wands
 h - a wand of roots (10)
 q - a wand of flame (13)
Scrolls
 o - 6 scrolls of identify
 v - 2 scrolls of enchant weapon
Potions
 d - 2 potions of invisibility
 f - a potion of haste {unknown}
 g - a potion of flight {unknown}
 j - 2 potions of might
 k - 2 potions of curing
 n - a potion of attraction {unknown}
 r - a potion of cancellation {unknown}
 x - 2 potions of mutation {unknown}


   Skills:
 + Level 3.2 Dodging
 - Level 2.1 Stealth
 - Level 2.0 Spellcasting
 - Level 10.0 Conjurations
 + Level 10.3 Fire Magic


You had 2 spell levels left.
You knew the following spells:

 Your Spells              Type           Power      Damage    Failure   Level
a - Foxfire               Conj/Fire      100%       2x1d9     1%          1
b - Flame Wave            Conj/Fire      51%        2d13      1%          4
c - Scorch                Fire           100%       2d10      1%          2
d - Apportation           Tloc           4%         N/A       4%          1
e - Conjure Flame         Conj/Fire      51%        6-21      1%          3

Your spell library contained the following spells:

 Spells                   Type           Power      Damage    Failure   Level
 Necrotise                Necr           8%         1d4       4%          1
 Sandblast                Erth           4%         2d4       4%          1
 Sting                    Tmut/Pois      8%         1d3       4%          1
 Summon Small Mammal      Summ           8%         N/A       4%          1
 Passwall                 Tmut/Erth      1%         N/A       8%          2
 Poisonous Vapours        Pois/Air       4%         N/A       8%          2
 Wereblood                Tmut           2%         N/A       8%          2
 Inner Flame              Hex/Fire       27%        N/A       1%          3
 Stone Arrow              Conj/Erth      52%        3d10      1%          3
 Olgreb's Toxic Radiance  Pois           2%         N/A       41%         4
 Summon Hydra             Summ           1%         N/A       100%        7
 Sublimation of Blood     Necr           Unusable   N/A       N/A         2

Dungeon Overview and Level Annotations

Branches:
Dungeon (8/15)             Temple (1/1) D:5
   Lair: D:8-11

Altars:
Ashenzari
Dithmenos
Fedhas
Hepliaklqana
Makhleb
Nemelex Xobeh
Okawaru
Sif Muna
Trog
Uskayaw
Vehumet
Wu Jian
Xom
Yredelemnul
Zin
The Shining One

Shops:
D:1 (?:[=   D:2 *   D:7 =


Innate Abilities, Weirdness & Mutations

You are immune to sickness and miasma.
Your stone body is resilient. (AC +7)
You are immune to poison.
You resist negative energy. (rN+)
You are resistant to electric shocks. (rElec)
You are resistant to unholy torment.
You are immune to petrification.


Message History

Casting: Scorch (safe; 1% risk of failure)
Confirm with . or Enter, or press ? or * to list all spells.
You conjure some foxfire!
The steam dragon bites you but does no damage.
The steam dragon claws you but does no damage.
A bullfrog comes into view.
You closely miss the steam dragon.
The steam dragon is moderately wounded.
The steam dragon misses you. The steam dragon barely misses you.
The steam dragon bites you but does no damage.
The steam dragon barely misses you.
You closely miss the steam dragon.
The steam dragon is moderately wounded.
The steam dragon breathes steam at you. The ball of steam hits you.
The ball of steam hits your foxfire.
Your foxfire resists.
You hit the steam dragon.
The steam dragon is moderately wounded.
You are engulfed in a cloud of scalding steam.
* * * LOW HITPOINT WARNING * * *
The steam dragon barely misses you. The steam dragon completely misses you.
Blink to where?
Press: ? - help, Dir - move target
As you read the scroll of blinking, it crumbles to dust.
The foxfire hits the steam dragon but does no damage.
The steam dragon is moderately wounded.
You feel better. Magic courses through your body.
The steam dragon breathes steam at you. The ball of steam hits you!!
* * * LOW HITPOINT WARNING * * *
You feel better.
You are engulfed in a cloud of scalding steam.
* * * LOW HITPOINT WARNING * * *
The steam dragon closely misses you. The steam dragon misses you.
You feel better.
You are engulfed in a cloud of scalding steam.
* * * LOW HITPOINT WARNING * * *
The steam dragon bites you.
You die...

P....o ##..P... ........ #.
##.....P.. #.# #....P.... #.#
###### #.#....... #.#
#....###.#....... ####.####
#.##.DF.†..P.....
.<..>...#####)##@####........
##...#......).#)# ###......
#.....######..#.# ......
##...## #..#.# P.... ##.##
#..#)# P.... #.# #..†.# P...
#.# ##.### ...P ##'## #.#
##...## #.#####


You could see a steam dragon (catching breath) and a bullfrog.

Vanquished Creatures
  A vampire (D:7)
  2 yaks (D:8)
  2 steam dragons (D:7)
  Menkaure (D:6)
  4 water moccasins
  Duvessa (D:6)
  An ice beast (D:6)
  2 ogres
  A centaur (D:7)
  A kobold brigand (D:8)
  A phantom (D:6)
  2 bullfrogs
  A gnoll sergeant (D:5)
  4 scorpions
  Dowan (D:6)
  6 wights
  A howler monkey (D:8)
  6 hounds
  2 jellies
  Crazy Yiuf (D:7)
  2 iguanas (D:5)
  Natasha (thrice) (D:2)
  2 orc wizards
  11 gnolls
  7 adders
  A white imp (D:7)
  An ufetubus (D:6)
  2 worms
  21 orcs
  4 endoplasms
  A giant cockroach (D:4)
  9 goblins
  6 hobgoblins
  2 jackals (D:5)
  6 kobolds
  3 quokkas
  4 ball pythons
  2 bats
  5 frilled lizards
  5 rats
138 creatures vanquished.

Vanquished Creatures (others)
  An orc wizard (D:8)
  346 foxfires
  53 fungi (D:8)
  44 plants (D:8)
444 creatures vanquished.

Grand Total: 582 creatures vanquished

Notes
Turn   | Place    | Note
-------+----------+-------------------------------------------
     0 | D:1      | Doomgape the Gargoyle Fire Elementalist began the quest for
                  | the Orb.
     0 | D:1      | Reached XP level 1. HP: 10/10 MP: 3/3
   164 | D:1      | Reached XP level 2. HP: 15/15 MP: 1/5
   165 | D:1      | Found Soeteemo's Book Boutique.
   267 | D:1      | Found Tofonnug's Magic Scroll Boutique.
   432 | D:1      | Found Xesu Heu's Weapon Emporium.
   644 | D:1      | Found Zunecrye's Armour Boutique.
   807 | D:1      | Reached XP level 3. HP: 18/19 MP: 1/6
   879 | D:1      | Found Weynkaic's Jewellery Shoppe.
  1596 | D:2      | Found Koeqaq's General Store.
  1716 | D:2      | Found a faded altar of an unknown god.
  2018 | D:2      | Noticed Natasha
  2025 | D:2      | Killed Natasha
  2026 | D:2      | Reached XP level 4. HP: 24/24 MP: 3/7
  2174 | D:2      | Noticed Natasha
  2178 | D:2      | Killed Natasha
  2378 | D:2      | Noticed Natasha
  2387 | D:2      | Killed Natasha
  2388 | D:2      | Reached XP level 5. HP: 23/28 MP: 3/8
  2586 | D:3      | Identified the +8 falchion of Inconvenience {vorpal, rN+
                  | Int+4}
  3199 | D:4      | Learned a level 4 spell: Flame Wave
  3234 | D:4      | Learned a level 2 spell: Scorch
  3404 | D:4      | Found a broken altar of Ashenzari.
  3806 | D:4      | Found a bloodstained altar of Trog.
  3891 | D:4      | Found a glowing golden altar of the Shining One.
  3894 | D:4      | Found a hide-covered altar of Uskayaw.
  3914 | D:4      | Found a shimmering blue altar of Sif Muna.
  3918 | D:4      | Found a basalt altar of Yredelemnul.
  3967 | D:5      | Entered Level 5 of the Dungeon
  4071 | D:5      | Reached skill level 5 in Fire Magic
  4071 | D:5      | Reached XP level 6. HP: 32/32 MP: 5/9
  4132 | D:5      | Noticed a water moccasin
  4137 | D:5      | Killed a water moccasin
  4138 | D:5      | Reached skill level 5 in Conjurations
  4176 | D:5      | Found a staircase to the Ecumenical Temple.
  4235 | D:5      | Reached XP level 7. HP: 28/36 MP: 3/10
  5258 | D:5      | Reached XP level 8. HP: 40/41 MP: 1/11
  5694 | D:6      | Noticed Menkaure
  5700 | D:6      | Learned a level 1 spell: Apportation
  5703 | D:6      | Killed Menkaure
  5824 | D:6      | Noticed Duvessa
  5824 | D:6      | Noticed Dowan
  6061 | D:6      | Killed Dowan
  6069 | D:6      | Killed Duvessa
  6533 | Temple   | Entered the Ecumenical Temple
  6588 | Temple   | Became a worshipper of Vehumet
  6648 | D:7      | Found Faguox's Jewellery Shop.
  6749 | D:7      | Found a runed translucent door.
  6750 | D:7      | Noticed Crazy Yiuf
  6756 | D:7      | Killed Crazy Yiuf
  6757 | D:7      | Reached XP level 9. HP: 45/45 MP: 5/12
  7233 | D:6      | Learned a level 3 spell: Conjure Flame
  7447 | D:7      | HP: 1/45 [vampire (2)]
  8472 | D:8      | Reached skill level 10 in Conjurations
  8752 | D:8      | Reached skill level 10 in Fire Magic
  8852 | D:8      | Reached XP level 10. HP: 48/50 MP: 2/13
  8866 | D:8      | Slain by a steam dragon

Illustrated notes

Levels and vault maps discovered:
D:1:      dpeg_arrival_morbid_curiosity, layout_basic, serial_shops,
          nicolae_shop_bloodbath_and_beyond, shop_fountains,
          nicolae_shop_advertising_works [nicolae_subvault_shop_adworks], shop,
          shop, grunt_decor_arrowhead, amcnicky_mini_pool_small,
          minmay_misc_feat_tiny, minmay_shallow_snake_nest
D:2:      layout_basic, hellmonk_ecumenical_altar_zigzags, serial_shops,
          nicolae_diamond_shop, uniq_natasha
D:3:      layout_loops_ring
D:4:      layout_rooms, nicolae_ashenzari_panopticon,
          minmay_overflow_temple_star_hex
D:5:      layout_rooms, minmay_temple_entry_from_below_a
D:6:      layout_gridville, uniq_duvessa, uniq_menkaure
D:7:      layout_basic, serial_shops, shop, grunt_ministairs_9,
          uniq_crazy_yiuf_cottage
D:8:      layout_loops_corners, due_lair_maze_entry_diamond, serial_shops,
          nicolae_shop_statue_plus
Temple:   hellmonk_temple_forest_ring

Skill      XL: |  1  2  3  4  5  6  7  8  9 |
---------------+----------------------------+-----
Conjurations   | 2 3 4 5 6 8 10 | 10.0
Fire Magic     | 4 5 6 8 10 | 10.3
Dodging        | 3 |  3.2
Stealth        | |  2.1
Spellcasting   | |  2.0

Action                   |  1- 3 |  4- 6 |  7- 9 | 10-12 || total
-------------------------+-------+-------+-------+-------++-------
Melee: Unarmed           |     2 |       |       |       ||     2
       Falchion          |       |    19 |    32 |     5 ||    56
       Punch             |       |       |     1 |       ||     1
 Cast: Foxfire           |    73 |    47 |   107 |     1 ||   228
       Scorch            |       |    14 |    90 |     1 ||   105
  Use: Scroll            |     3 |     7 |     7 |     1 ||    18
       Potion            |       |       |     1 |     4 ||     5
Armor: Robe              |     4 |     7 |    58 |     3 ||    72
Dodge: Dodged            |    12 |    13 |    77 |     9 ||   111
